 Dungeon Crawl Stone Soup version 0.29-a0-1023-g6ae1a4a2c7 (webtiles) character file.

Game seed: 7996279002683199924

23 xian the Ruffian (level 2, -2/23 HPs)
             Began as a Minotaur Transmuter on Aug 12, 2022.
             Slain by an adder (4 damage)
             ... on level 2 of the Dungeon.
             The game lasted 00:02:49 (872 turns).

xian the Ruffian (Minotaur Transmuter)               Turns: 872, Time: 00:02:49

Health: -2/23      AC:  2    Str: 14    XL:     2   Next: 75%
Magic:  0/3        EV: 12    Int: 10    God:
Gold:   30         SH:  0    Dex: 10    Spells: 1/4 levels left

rFire   . . .      SeeInvis .     - Unarmed
rCold   . . .      Faith    .   (no shield)
rNeg    . . .      Spirit   +   a - +0 robe
rPois   .          Reflect  .   (helmet restricted)
rElec   .          Harm     .   (no cloak)
rCorr   +          Rampage  .   (no gloves)
Will    .....                   (no boots)
Stlth   +.........              k - amulet of guardian spirit
HPRegen 0.07/turn               n - ring of resist corrosion
MPRegen 0.08/turn               (no ring)

@: no status effects
A: horns 2, retaliatory headbutt
a: no special abilities


You were on level 2 of the Dungeon.
You visited 1 branch of the dungeon, and saw 2 of its levels.

You collected 30 gold pieces.

Inventory:

Hand Weapons
 o - a +2 dagger of venom
Missiles
 h - 4 atropa-tipped darts
Armour
 a - a +0 robe (worn)
Jewellery
 k - an amulet of guardian spirit (around neck)
 n - a ring of resist corrosion (left hand)
Scrolls
 e - a scroll of teleportation {unknown}
 g - a scroll of immolation {unknown}
 i - 3 scrolls of identify {unknown}
 j - a scroll of blinking {unknown}
 l - a scroll of fear {unknown}
Potions
 b - 2 potions of lignification
 c - 2 potions of invisibility {unknown}
 d - a potion of magic {unknown}
 f - 2 potions of brilliance {unknown}
 m - 2 potions of curing {unknown}


   Skills:
 + Level 1.2 Fighting
 + Level 2.6 Dodging
 + Level 3.8 Unarmed Combat
 + Level 1.7 Spellcasting
 + Level 1.6 Transmutations


You had one spell level left.
You knew the following spells:

 Your Spells              Type           Power      Damage    Failure   Level
a - Beastly Appendage     Tmut           8%         N/A       17%         1
b - Wereblood             Tmut           4%         N/A       26%         2

Your spell library contained the following spells:

 Spells                   Type           Power      Damage    Failure   Level
 Spider Form              Tmut/Pois      2%         N/A       56%         3
 Ice Form                 Ice/Tmut       2%         N/A       93%         4


Dungeon Overview and Level Annotations

Branches:
Dungeon (2/15)

Altars:


Innate Abilities, Weirdness & Mutations

You have a pair of horns on your head.
You reflexively headbutt those who attack you in melee.


Message History

You are no longer poisoned.
You finish taking off your +0 robe.
You drop a +0 robe.
Unknown command.
You see here a +0 short sword.
Things that are here:
a +0 robe; a +0 club Your primal bloodlust has ended.
You see here a +0 short sword.
Things that are here:
a +0 robe; a +0 club
a - a +0 robe
Okay, then.
You start putting on your armour.
You continue putting on your +0 robe. x4
You finish putting on your +0 robe.
A gnoll comes into view. It is wielding a +0 flail.
A kobold comes into view. It is wielding a +0 club.
The kobold shouts!
The gnoll shouts!
You hear an angry hiss.
You see here 10 gold pieces.
You are too injured to fight recklessly!
An adder comes into view.
You completely miss the kobold. Your headbutt misses the kobold.
A gnoll comes into view. It is wielding a +0 whip.
The kobold closely misses you.
The gnoll shouts!
You hit the kobold.
You kill the kobold!
You hear a shout!
A hobgoblin comes into view.
The gnoll hits you with a +0 whip.
You see here a +0 club.
The hobgoblin shouts!
You punch the gnoll!
The gnoll is heavily wounded.
The adder barely misses you. You furiously retaliate!
You headbutt the adder! The gnoll hits you with a +0 whip!
* * * LOW HITPOINT WARNING * * *
You barely miss the gnoll.
The gnoll is heavily wounded.
The adder bites you.
You die...

###### ##.
.......#..####.#
.....#.......#.#
.......#.......#.##
....#.#.....#.#.... #
..................
#.#.###.?....#.......
#...g@g..........#.#
.g....S..$.........>.#..
.####.##................
#. #.......))###. #
#......##.# #........<#
#.##..#.....#
#.........#.#
..##..#.#.....


You could see 2 gnolls, an adder and a hobgoblin.

Vanquished Creatures
  2 ball pythons
  2 hobgoblins (D:1)
  5 jackals (D:1)
  2 kobolds (D:2)
  A quokka (D:1)
  A bat (D:1)
  6 goblins
  A rat (D:1)
20 creatures vanquished.

Notes
Turn   | Place    | Note
-------+----------+-------------------------------------------
     0 | D:1      | xian the Minotaur Transmuter began the quest for the Orb.
     0 | D:1      | Reached XP level 1. HP: 16/16 MP: 1/1
   344 | D:1      | Reached XP level 2. HP: 17/23 MP: 0/3
   640 | D:1      | Learned a level 2 spell: Wereblood
   872 | D:2      | Slain by an adder

Illustrated notes

Levels and vault maps discovered:
D:1:      minmay_arrival_five_plusses, layout_basic
D:2:      layout_basic, due_unseen_surprise

Action                   || total
-------------------------++-------
Melee: Unarmed           ||    53
       Headbutt          ||     4
       Kick              ||     3
       Punch             ||     1
 Cast: Beastly Appendage ||     7
       Wereblood         ||     1
Armor: Robe              ||     9
Dodge: Dodged            ||    45

Table legend: (Time is in decaauts)
 A = Elapsed time spent in this place.
 B = Non-inter-level travel time spent in this place.
 C = Inter-level travel time spent in this place.
 D = Time resting spent in this place.
 E = Time spent auto-exploring this place.
 F = Levels seen in this place.
 G = Mean time per level.
                   A        B        C        D        E       F      G
               +--------+--------+--------+--------+--------+-----+--------+
         Total |    867 |    867 |      0 |      0 |    598 |   2 |  433.5 |
       Dungeon |    867 |    867 |      0 |      0 |    598 |   2 |  433.5 |
               +--------+--------+--------+--------+--------+-----+--------+

Top non-repeatable levels by time:
     D:1: 823 daAuts
     D:2: 43 daAuts
